 Dungeon Crawl Stone Soup version 0.28.0 (webtiles) character file.

Game seed: 5595681401010318392

0 styxcanada the Firebug (level 1, -1/10 HPs)
             Began as a Deep Elf Fire Elementalist on Feb 6, 2022.
             Frozen to death by an endoplasm (2 damage)
             ... on level 1 of the Dungeon.
             The game lasted 00:01:10 (79 turns).

styxcanada the Firebug (Deep Elf Fire Elementalist)   Turns: 79, Time: 00:01:10

Health: -1/10      AC:  2    Str:  5    XL:     1   Next: 0%
Magic:  3/6        EV: 12    Int: 19    God:
Gold:   0          SH:  0    Dex: 15    Spells: 5/6 levels left

rFire   . . .      SeeInvis .   (no weapon)
rCold   . . .      Faith    .   (no shield)
rNeg    . . .      Spirit   .   a - +0 robe
rPois   .          Reflect  .   (no helmet)
rElec   .          Harm     .   (no cloak)
rCorr   .          Rampage  .   (no gloves)
Will    .....                   (no boots)
Stlth   ++........              (no amulet)
HPRegen 0.03/turn               (no ring)
MPRegen 0.10/turn               (no ring)

@: no status effects
A: no striking features
a: no special abilities


You were on level 1 of the Dungeon.
You visited 1 branch of the dungeon, and saw 1 of its levels.

Inventory:

Armour
 a - a +0 robe (worn)
 b - a +0 leather armour


   Skills:
 + Level 2.4 Dodging
 + Level 2.4 Stealth
 + Level 3.0 Spellcasting
 + Level 1.1 Conjurations
 + Level 3.2 Fire Magic


You had 5 spell levels left.
You knew the following spells:

 Your Spells              Type           Power      Damage    Failure   Level
a - Foxfire               Conj/Fire      44%        2x1d6     6%          1

Your spell library contained the following spells:

 Spells                   Type           Power      Damage    Failure   Level
 Scorch                   Fire           30%        2d6       6%          2
 Conjure Flame            Conj/Fire      11%        6-21      19%         3
 Inner Flame              Hex/Fire       9%         N/A       24%         3
 Flame Wave               Conj/Fire      11%        2d5       52%         4


Dungeon Overview and Level Annotations

Branches:
Dungeon (1/15)

Altars:


Message History

Casting: Foxfire (safe; 6% risk of failure)
Confirm with . or Enter, or press ? or * to list all spells.
There is not enough space to conjure foxfire!
Your foxfire dissipates!
The bat closely misses you. The bat barely misses you.
There is an open door here.
The bat hits you.
There is an open door here.
Casting: Foxfire (safe; 6% risk of failure)
Confirm with . or Enter, or press ? or * to list all spells.
You conjure some foxfire!
The bat hits you.
* * * LOW HITPOINT WARNING * * *
Your foxfire dissipates!
The foxfire hits the bat.
The bat is moderately wounded.
The bat hits you.
* * * LOW HITPOINT WARNING * * *
The bat hits you but does no damage. The bat closely misses you.
The bat hits you but does no damage.
Casting: Foxfire (safe; 6% risk of failure)
Confirm with . or Enter, or press ? or * to list all spells.
You conjure some foxfire!
The bat barely misses you.
Your foxfire dissipates!
The bat hits you.
* * * LOW HITPOINT WARNING * * *
There is an open door, spattered with blood here.
The bat hits you but does no damage. The bat hits you.
* * * LOW HITPOINT WARNING * * *
The bat completely misses you.
There is an open door here.
Casting: Foxfire (safe; 6% risk of failure)
Confirm with . or Enter, or press ? or * to list all spells.
You conjure some foxfire!
The endoplasm closely misses you.
Your foxfire dissipates!
There is an open door here.
The endoplasm jiggles.
The endoplasm freezes you.
You are frozen.
You die...

.....≈≈#.#.....#.#≈≈....
.##.#≈≈#.#..#..#.#≈≈....
#..≈≈#.#..#..#.#≈≈....
#....+.+.8#8.+.'......
#.#≈≈#.#..#..#.#≈≈....
#..≈≈#b#..#..#.#≈≈....
##.≈≈#B#.....#.#≈≈....
#>≈##J###+###'##≈....
#.≈#..@.....'..#≈.#..
#...≈#⌠.#######.>#≈.###
.##.≈####≈≈≈≈≈####≈.#
#.≈≈≈≈≈≈≈≈≈≈≈≈≈≈≈...
......................
##.######.........#....
#. ###.......#.... .
#.......# ..


You could see an endoplasm, a giant cockroach and a bat.

Vanquished Creatures (others)
  A foxfire (D:1)
1 creature vanquished.

Notes
Turn   | Place    | Note
-------+----------+-------------------------------------------
     0 | D:1      | styxcanada the Deep Elf Fire Elementalist began the quest
                  | for the Orb.
     0 | D:1      | Reached XP level 1. HP: 10/10 MP: 6/6
    79 | D:1      | Frozen to death by an endoplasm

Illustrated notes

Levels and vault maps discovered:
D:1:      heliophobic_arrival_glass_houses, layout_rooms, serial_shops,
          nicolae_shop_stone

Action                   || total
-------------------------++-------
 Cast: Foxfire           ||     5
Armor: Robe              ||     5
Dodge: Dodged            ||    11
